Map: Romanticide LE

Players

Clem - Winner!

  • Race: Terran Terran

Gerald

  • Race: Protoss Protoss

Event: DreamHack SC2 Masters 2021 Fall

VOD

Have the link to the VOD?

Description

Time

  • Played on: July 30, 2021, 11:44 a.m.
  • Length: 10:38

All games in this series

Show
View Real Time Build Order
Export as new Build Order

Clem Terran - Winner!

Build Orders:  

Get SALT Encoding   

  12  0:00  SCV  
  13  0:12  SCV  
  14  0:16  Supply Depot  
  14  0:24  SCV  
  15  0:38  SCV  
  15  0:39  Barracks  
  16  0:43  Refinery  
  16  0:50  SCV  
  17  1:02  SCV  
  18  1:14  SCV  
  19  1:29  Marine, Orbital Command  
  20  1:44  Command Center  
  20  1:48  Barracks Reactor  
  20  1:53  Supply Depot  
  20  1:56  SCV  
  21  2:08  SCV  
  22  2:10  Factory  
  22  2:20  SCV  
  23  2:25  Marine x2  
  23  2:27  Refinery  
  23  2:29  Bunker  
  25  2:32  SCV  
  26  2:42  Marine x2  
  28  2:44  SCV  
  29  2:55  Widow Mine, Starport  
  29  2:56  SCV  
  32  3:03  Orbital Command  
  32  3:08  SCV  
  32  3:11  Marine x2  
  35  3:18  Widow Mine  
  37  3:20  SCV  
  37  3:23  Supply Depot  
  38  3:30  SCV  
  38  3:33  Medivac  
  41  3:34  SCV  
  41  3:39  Widow Mine  
  44  3:43  Barracks  
  44  3:45  SCV  
  44  3:46  SCV  
  44  3:48  Marine  
  47  3:50  Marine  
  47  3:54  Supply Depot  
  48  3:57  SCV  
  48  3:59  SCV  
  48  4:01  Factory Tech Lab  
  50  4:04  Starport Tech Lab  
  50  4:07  Engineering Bay  
  50  4:08  Marine  
  50  4:09  SCV  
  52  4:11  SCV  
  53  4:17  Supply Depot  
  53  4:22  SCV, Raven  
  56  4:25  SCV  
  56  4:28  Refinery  
  56  4:30  Siege Tank  
  60  4:32  Marine  
  60  4:36  SCV  
  60  4:37  Supply Depot  
  62  4:39  Marine x2  
  62  4:41  SCV  
  65  4:48  Supply Depot  
  65  4:49  SCV  
  65  4:50  Marine  
  63  4:53  SCV  
  63  4:57  Marine  
  65  5:00  Barracks  
  65  5:01  SCV  
  65  5:04  Supply Depot  
  65  5:06  Refinery  
  66  5:07  Marine  
  66  5:11  Stimpack  
  66  5:13  Marauder, Starport Reactor  
  67  5:14  Factory Reactor  
  67  5:17  SCV, Terran Infantry Weapons Level 1  
  67  5:19  SCV  
  69  5:24  Marine  
  69  5:25  Marine  
  69  5:27  Supply Depot  
  71  5:30  SCV  
  71  5:31  SCV  
  71  5:34  Marauder  
  75  5:42  SCV  
  76  5:43  SCV, Supply Depot  
  76  5:44  Marine x2  
  76  5:48  Missile Turret  
  79  5:52  Widow Mine x2, Medivac x2  
  79  5:54  SCV  
  79  5:55  SCV  
  89  5:58  Supply Depot, Combat Shield, Marauder  
  89  6:03  Marauder  
  93  6:04  Marine  
  93  6:05  Marine  
  95  6:12  Supply Depot  
  95  6:16  Widow Mine x2  
  99  6:21  Marauder  
  99  6:24  Marauder  
  103  6:25  Marine x2  
  103  6:26  Supply Depot, Medivac  
  103  6:27  Medivac  
  108  6:38  Widow Mine x2  
  111  6:44  Command Center  
  110  6:50  Supply Depot  
  110  6:51  Marine x2  
  112  6:54  Marauder  
  112  6:55  Concussive Shells  
  112  6:58  Marauder  
  116  7:09  Barracks x2  
  116  7:12  Widow Mine x2  
  120  7:16  Marauder  
  120  7:17  Medivac  
  120  7:18  Medivac  
  120  7:19  Marine  
  113  7:30  Marauder  
  113  7:34  Widow Mine  
  113  7:35  Marine  
  104  7:40  Widow Mine  
  104  7:42  Marine, Marauder  
  104  7:43  SCV x2  
  104  7:44  Terran Infantry Armor Level 1  
  108  7:48  Supply Depot  
  108  7:49  Supply Depot  
  108  7:51  Marine  
  108  7:53  Medivac x2  
  108  7:54  Marine  
  108  7:55  SCV  
  108  7:56  SCV  
  108  7:58  Barracks Reactor, Barracks Tech Lab  
  116  7:59  Marine  
  116  8:01  Orbital Command  
  116  8:04  Marauder  
  119  8:07  SCV  
  119  8:08  Widow Mine  
  119  8:09  Marauder  
  124  8:13  Widow Mine  
  124  8:16  Marine x2  
  124  8:18  Marine  
  127  8:20  Supply Depot, SCV  
  127  8:25  Marauder  
  129  8:31  Marauder  
  126  8:34  Marauder  
  126  8:37  Marine x2  
  126  8:38  Marine x2  
  126  8:39  Viking x2  
  126  8:40  SCV, Widow Mine x2  
  134  8:46  Marine  
  131  8:52  Marauder  
  133  8:56  SCV x2  
  133  8:57  Command Center  
  133  8:59  Marine  
  133  9:00  Marine  
  133  9:01  SCV  
  133  9:02  Marauder  
  140  9:04  Marauder  
  140  9:05  Widow Mine  
  140  9:08  SCV  
  141  9:11  Marine  
  141  9:12  Marine  
  141  9:13  Marauder  
  145  9:18  Marine x2  
  145  9:22  SCV  
  145  9:23  Marauder  
  150  9:26  Marauder  
  150  9:29  Armory  
  146  9:31  Engineering Bay  
  146  9:33  Marine x2  
  146  9:35  Marauder  
  148  9:39  Refinery  
  148  9:44  Marine x2  
  148  9:45  Marauder  
  152  9:48  Viking x2  
  152  9:51  Ghost Academy  
  156  9:53  Supply Depot  
  156  9:56  Widow Mine x2  
  160  10:03  Marine  
  160  10:04  Marauder x2  
  160  10:06  Marine x2  
  160  10:07  Marine x2  
Show
View Real Time Build Order
Export as new Build Order

Gerald Protoss 

Build Orders: 1 Gate Expand, Blink Stalkers, Colossus Rush 

Get SALT Encoding   

  12  0:00  Probe  
  13  0:12  Probe  
  14  0:18  Pylon  
  14  0:24  Probe (Chrono Boost)  
  15  0:37  Probe (Chrono Boost)  
  15  0:38  Gateway  
  16  0:44  Probe (Chrono Boost)  
  16  0:46  Assimilator  
  17  0:53  Probe  
  18  1:05  Probe  
  19  1:17  Probe  
  20  1:26  Cybernetics Core  
  20  1:29  Probe  
  21  1:36  Nexus  
  21  1:41  Probe  
  21  1:46  Pylon  
  22  1:51  Assimilator  
  22  1:55  Probe  
  23  2:01  Stalker (Chrono Boost)  
  23  2:07  Probe  
  25  2:17  Twilight Council  
  25  2:21  Probe  
  26  2:24  Stalker (Chrono Boost)  
  28  2:33  Probe  
  28  2:34  Warp Gate  
  29  2:45  Probe  
  29  2:49  Probe  
  33  2:57  Probe  
  34  3:02  Blink (Chrono Boost)  
  34  3:03  Probe  
  35  3:09  Probe  
  34  3:15  Probe  
  35  3:23  Probe (Chrono Boost)  
  35  3:25  Robotics Facility  
  36  3:28  Probe (Chrono Boost)  
  38  3:37  Nexus  
  38  3:38  Probe x2 (Chrono Boost)  
  39  3:43  Probe (Chrono Boost)  
  39  3:45  Probe  
  41  3:49  Pylon  
  41  3:55  Probe  
  42  3:57  Gateway, Probe  
  43  4:04  Assimilator  
  43  4:06  Assimilator  
  43  4:07  Probe  
  45  4:10  Probe  
  45  4:16  Observer  
  46  4:19  Robotics Bay, Probe  
  46  4:22  Pylon, Probe  
  46  4:23  Stalker  
  50  4:31  Probe  
  50  4:34  Probe  
  52  4:43  Probe  
  52  4:47  Probe  
  52  4:51  Stalker  
  54  5:04  Colossus (Chrono Boost)  
  55  5:09  Probe (Chrono Boost)  
  55  5:11  Probe (Chrono Boost)  
  55  5:14  Probe (Chrono Boost)  
  62  5:21  Forge, Probe (Chrono Boost)  
  64  5:22  Probe (Chrono Boost)  
  64  5:23  Probe (Chrono Boost)  
  64  5:27  Stalker, Probe (Chrono Boost)  
  68  5:29  Stalker  
  68  5:30  Probe  
  71  5:36  Probe  
  71  5:38  Probe  
  71  5:41  Gateway x2  
  73  5:42  Probe  
  73  5:46  Pylon  
  74  5:51  Observer  
  74  5:53  Probe x2  
  74  5:54  Protoss Ground Weapons Level 1  
  77  5:57  Charge  
  77  6:00  Gateway  
  77  6:03  Gateway  
  77  6:04  Probe  
  77  6:08  Probe (Chrono Boost)  
  78  6:14  Observer  
  78  6:17  Stalker x2  
  83  6:21  Probe (Chrono Boost)  
  83  6:22  Probe (Chrono Boost)  
  83  6:24  Probe (Chrono Boost)  
  85  6:38  Pylon  
  85  6:40  Pylon  
  85  6:41  Probe x2  
  85  6:45  Stalker x3  
  85  6:56  Probe x2  
  85  6:57  Photon Cannon  
  85  6:59  Pylon  
  87  7:04  Gateway  
  87  7:08  Gateway  
  87  7:14  Zealot x3  
  93  7:21  Zealot x3  
  93  7:22  Probe  
  87  7:29  Probe  
  79  7:32  Probe  
  79  7:36  Colossus (Chrono Boost)  
  70  7:39  Stalker x2  
  70  7:40  Probe  
  77  7:45  Gateway  
  77  7:46  Gateway, Probe x2  
  77  7:47  Pylon  
  77  7:48  Gateway  
  78  7:58  Stalker x2  
  80  8:02  Probe  
  80  8:05  Sentry  
  85  8:11  Pylon  
  85  8:13  Pylon  
  85  8:21  Stalker x5  
  88  8:31  Probe  
  83  8:35  Zealot x3  
  83  8:40  Probe  
  82  8:46  Stalker x4  
  80  8:53  Zealot x3  
  83  8:56  Probe x2  
  83  9:01  Zealot  
  87  9:04  Pylon  
  87  9:09  Colossus (Chrono Boost), Probe  
  84  9:28  Zealot x4, Probe (Chrono Boost)  
  87  9:32  Probe (Chrono Boost)  
  87  9:34  Probe (Chrono Boost)  
  89  9:40  Probe (Chrono Boost)  
  89  9:43  Probe (Chrono Boost)  
  90  9:47  Sentry x2  
  90  9:52  Probe (Chrono Boost)  
  91  9:54  Pylon  
  91  9:55  Zealot  
  75  10:07  Zealot x5  
  75  10:13  Zealot x2  
  75  10:21  Zealot x3  

Tags
 
Add a new tag
Caveats
  • Supply blocks, unpowered buildings, or Contaminate may cause inaccurate times.
  • Supply counts are checked every 10 seconds.